 Dungeon Crawl Stone Soup version 0.23-a0-389-g4a5eb33 (webtiles) character file.

64 MisterFreud the Skirmisher (level 3, 0/37 HPs)
             Began as a Minotaur Abyssal Knight on Oct 29, 2018.
             Was a Believer of Lugonu.
             Succumbed to a water moccasin's poison
             ... on level 3 of the Dungeon.
             The game lasted 00:03:23 (1612 turns).

MisterFreud the Skirmisher (MiAK)                   Turns: 1612, Time: 00:03:24

Health: 0/37       AC:  3    Str: 22    XL:     3   Next: 91%
Magic:  2/3        EV: 11    Int:  9    God:    Lugonu [**....]
Gold:   116        SH:  0    Dex:  9    Spells: 2/2 levels left

rFire    . . .     SeeInvis .   a - +1 falchion
rCold    . . .     Gourm    .   (no shield)
rNeg     . . .     Faith    .   k - +0 leather armour
rPois    .         Spirit   .   (helmet restricted)
rElec    .         Reflect  .   (no cloak)
rCorr    .         Harm     .   (no gloves)
MR       .....                  (no boots)
Stlth    +.........             f - amulet of rage
HPRegen  0.12/turn              (no ring)
MPRegen  0.08/turn              (no ring)

@: mighty, lethally poisoned (0 -> -37)
A: retaliatory headbutt, horns 2
a: Depart the Abyss, Bend Space, Renounce Religion, Evoke Berserk Rage


You were on level 3 of the Dungeon.
You worshipped Lugonu.
Lugonu was pleased with you.
You were not hungry.

You visited 1 branch of the dungeon, and saw 3 of its levels.
You visited the Abyss 1 time.

You collected 116 gold pieces.

Inventory:

Hand Weapons
 a - a +1 falchion (weapon)
 b - a +2 hunting sling of flaming
Missiles
 h - 59 arrows
 i - 94 stones (quivered)
Armour
 k - a +0 leather armour (worn)
Jewellery
 f - an amulet of rage (around neck)
 s - an uncursed amulet of the gourmand {unknown}
Wands
 n - a wand of flame (17)
Scrolls
 d - a scroll of amnesia {unknown}
 g - a scroll of immolation {unknown}
 j - 3 scrolls of identify {unknown}
 m - a scroll of blinking {unknown}
 r - a scroll of magic mapping {unknown}
 t - a scroll of teleportation {unknown}
Potions
 l - a potion of lignification {unknown}
 o - a potion of brilliance {unknown}
 p - a potion of curing {unknown}
Comestibles
 c - 3 rations


   Skills:
 + Level 5.9 Fighting
 - Level 2.4 Long Blades
 - Level 2.4 Armour
 - Level 1.1 Dodging
 - Level 1.7 Invocations


You had 2 spell levels left.
You didn't know any spells.
Your spell library was empty.

Dungeon Overview and Level Annotations

Branches:
Dungeon (3/15)

Altars:
The Shining One


Innate Abilities, Weirdness & Mutations

You reflexively headbutt those who attack you in melee.
You have a pair of horns on your head.


Message History

The water moccasin is too close now for your liking.
The water moccasin bites you.
You completely miss the water moccasin. The water moccasin closely misses you.
The water moccasin bites you.
You are poisoned.
The water moccasin poisons you!
You closely miss the water moccasin.
You feel sick. The water moccasin bites you.
You are lethally poisoned!
The water moccasin poisons you!
All of the chunks of flesh in your inventory have rotted away.
It was a potion of might.
You feel very mighty all of a sudden.
You feel sick. The water moccasin bites you.
* * * LOW HITPOINT WARNING * * *
You are more poisoned.
The water moccasin poisons you! The water moccasin bites you.
* * * LOW HITPOINT WARNING * * *
Space bends around you!
You blink.
You die...

## §§.# ≈≈§§... #+# .§...§#
#.# ≈≈≈§.# ########.# #§.§#
#.....##.## ≈
#§..#####.###.#...##
§###§..........#...§..#
§§≈≈≈..#####.#.#@#.S.......
§.§.§§.# #.....##.###.##.
§≈≈≈≈..# ###........ #
###≈§.# ######.### #≈†##
#.# §###≈.# #.. §≈≈≈≈.# #.#
.§§.§.# ##### #####.####...


There were no monsters in sight!

Vanquished Creatures
  2 adders (D:3)
  2 dart slugs
  2 leopard geckos (D:1)
  9 bats
  3 giant cockroaches (D:3)
  3 goblins (D:1)
  4 hobgoblins
  3 kobolds
  A quokka (D:2)
  4 ball pythons
  4 frilled lizards
  5 rats
42 creatures vanquished.

Notes
Turn   | Place    | Note
-------+----------+-------------------------------------------
     0 | Abyss:1  | MisterFreud the Minotaur Abyssal Knight began the quest for
                  | the Orb.
     0 | Abyss:1  | Reached XP level 1. HP: 19/19 MP: 1/1
    12 | D:1      | Escaped the Abyss
   130 | D:1      | Reached skill level 4 in Fighting
   160 | D:1      | Reached XP level 2. HP: 22/28 MP: 2/2
   381 | D:1      | Reached ** piety under Lugonu
   827 | D:2      | Reached skill level 5 in Fighting
   914 | D:2      | Reached XP level 3. HP: 36/36 MP: 3/3
   965 | D:2      | Found a glowing golden altar of the Shining One.
  1605 | D:3      | Noticed a water moccasin
  1612 | D:3      | Succumbed to a water moccasin's poison

Vault maps used:
D:1:      minmay_arrival_arboretum_small, minmay_hexomino_c4
D:2:      lemuel_altar_in_water
D:3:      kennysheep_boxes, uniq_ijyb
Abyss:1:  evilmike_abyss_exit_16

Skill      XL: |  1  2 |
---------------+-------+-----
Fighting       | 4 5 |  5.9
Long Blades    | |  2.4
Armour         | |  2.4
Dodging        | |  1.1
Invocations    | |  1.7

Action                   || total
-------------------------++-------
Melee: Falchion          ||    88
       Headbutt          ||     4
 Fire: Hunting sling     ||    23
Invok: Bend Space        ||     1
  Use: Potion            ||     1
  Eat: Chunk             ||     2
Armor: Leather armour    ||    24
Dodge: Dodged            ||    50
       Rpst.: Falchion   ||    14

Table legend:
 A = Non-vault XP
 B = Vault XP
 C = Vault XP percentage of total XP
 D = Non-vault monster count
 E = Vault monster count
 F = Vault count percentage of total count
                 A         B        C        D         E       F
            +---------+---------+-------+---------+---------+-------
      Total |      87 |       5 |   5.4 |      39 |       3 |   7.1
            +---------+---------+-------+---------+---------+-------
        D:1 |      29 |       5 |  14.7 |      16 |       3 |  15.8
        D:2 |      15 |       0 |   0.0 |       9 |       0 |   0.0
        D:3 |      43 |       0 |   0.0 |      14 |       0 |   0.0
            +---------+---------+-------+---------+---------+-------
